 Dungeon Crawl Stone Soup version 0.27-a0-898-g810843a28d (webtiles) character file.

Game seed: 16477132251137192659

357 Alarkh the Insei (level 6, -12/48 HPs)
             Began as a Demonspawn Gladiator on Apr 5, 2021.
             Splashed by Ijyb's acid (17 damage)
             ... on level 4 of the Dungeon.
             The game lasted 00:08:33 (4645 turns).

Alarkh the Insei (Demonspawn Gladiator)             Turns: 4645, Time: 00:08:33

Health: -12/48     AC:  3    Str: 14    XL:     6   Next: 36%
Magic:  6/6        EV: 16    Int: 12    God:
Gold:   157        SH:  0    Dex: 14    Spells: 5/5 levels left

rFire    . . .     SeeInvis .     - Unarmed
rCold    . . .     Faith    .   (no shield)
rNeg     . . .     Spirit   .   a - +0 leather armour
rPois    .         Reflect  .   (helmet restricted)
rElec    .         Harm     .   (no cloak)
rCorr    .         Rampage  .   (no gloves)
Will     .....                  (no boots)
Stlth    +.........             (no amulet)
HPRegen  0.16/turn              l - +4 ring of evasion
MPRegen  0.10/turn              (no ring)

@: no status effects
A: horns 1, foul stench 1, powered by death 2
a: no special abilities


You were on level 4 of the Dungeon.
You visited 1 branch of the dungeon, and saw 4 of its levels.

You collected 157 gold pieces.

Inventory:

Missiles
 c - 3 throwing nets (quivered)
Armour
 a - a +0 leather armour (worn)
 b - a +0 helmet
Jewellery
 l - a +4 ring of evasion (left hand)
Wands
 k - a wand of polymorph (5)
 r - a wand of flame (21)
Scrolls
 d - 3 scrolls of identify {unknown}
 g - a scroll of blinking {unknown}
 h - a scroll of amnesia {unknown}
 i - a scroll of teleportation {unknown}
 p - a scroll of fog {unknown}
 q - a scroll of noise {unknown}
 t - a scroll of magic mapping {unknown}
Potions
 e - a potion of might {unknown}
 f - a potion of haste
 j - a potion of invisibility {unknown}
 m - a potion of berserk rage {unknown}
 n - a potion of curing {unknown}
 o - a potion of heal wounds
 s - 2 potions of lignification {unknown}


   Skills:
 + Level 4.2 Fighting
 - Level 1.7 Throwing
 - Level 2.6 Dodging
 * Level 5.5 Unarmed Combat


You had 5 spell levels left.
You didn't know any spells.
Your spell library contained the following spells:

 Spells                   Type           Power      Damage    Failure   Level
 Animate Skeleton         Necr           0%         N/A       38%         1
 Apportation              Tloc           0%         N/A       38%         1
 Corona                   Hex            0%         N/A       38%         1
 Summon Small Mammal      Summ           0%         N/A       38%         1


Dungeon Overview and Level Annotations

Branches:
Dungeon (4/15)
 Temple: D:4-7

Altars:

Shops:
D:2 :

Annotations:
D:4 Ijyb


Innate Abilities, Weirdness & Mutations

You have a pair of small horns on your head.
You may rarely emit foul miasma when damaged in melee.
You regenerate health from kills.


Message History

Ijyb screams, "It's all mine!"
Found a ruby potion.
You hit the ball python.
You kill the ball python!
You see here a scroll labelled COESTRU BIOC.
You barely miss Ijyb. Ijyb hits you with a +0 club.
You closely miss Ijyb. Ijyb hits you with a +0 club.
You hit Ijyb but do no damage. You headbutt Ijyb, but do no damage.
Ijyb zaps a wand.
The bolt of acid misses you.
You hit Ijyb but do no damage. Ijyb barely misses you.
You closely miss Ijyb. You headbutt Ijyb, but do no damage.
Ijyb hits you with a +0 club.
You completely miss Ijyb. Ijyb hits you with a +0 club.
You barely miss Ijyb. Your punch misses Ijyb. Ijyb misses you.
You hit Ijyb but do no damage. You headbutt Ijyb.
Ijyb is lightly wounded.
Ijyb zaps a wand.
The bolt of acid hits you!
You are splashed with acid!
You are too injured to fight recklessly!
You are too injured to fight recklessly!
You are too injured to fight recklessly!
You are too injured to fight recklessly!
You are too injured to fight recklessly!
You are too injured to fight recklessly!
You are too injured to fight recklessly!
You are too injured to fight recklessly!
You are too injured to fight recklessly!
You are too injured to fight recklessly!
It was a potion of heal wounds.
You feel much better.
Ijyb zaps a wand.
The bolt of acid hits you!
You are splashed with acid!
You are too injured to fight recklessly!
You are too injured to fight recklessly!
You are too injured to fight recklessly!
You are too injured to fight recklessly!
You are too injured to fight recklessly!
You closely miss Ijyb.
Ijyb is lightly wounded.
Ijyb zaps a wand.
The bolt of acid hits you!!
* * * LOW HITPOINT WARNING * * *
You are splashed with acid!
You die...

.....## #.........
.<....## ##........
.###.#.####.....#
....###.........#
####.#.####...#.####
##.##
##.##....###... #.#
#............. #.#
#.###?#†###..#
#.#### #.# #@#.#
#....# #.# #g#.#
#.##.# #.! ...!.
#.##.# ##.#.# #.##.#
#.#.# #.##.# #.#.#
#.##.# #.# #.##.#
#.# #.##.#


You could see Ijyb.

Vanquished Creatures
  An orc priest (D:3)
  A hound (D:2)
  A bullfrog skeleton (D:3)
  Terence (D:2)
  Natasha (thrice) (D:2)
  An iguana (D:4)
  6 adders
  A worm (D:2)
  A dart slug (D:4)
  7 orcs (D:3)
  7 bats
  7 endoplasms
  3 giant cockroaches
  8 goblins
  10 hobgoblins
  4 jackals (D:2)
  6 kobolds
  2 quokkas
  7 ball pythons
  4 frilled lizards
  A rat (D:1)
82 creatures vanquished.

Notes
Turn   | Place    | Note
-------+----------+-------------------------------------------
     0 | D:1      | Alarkh the Demonspawn Gladiator began the quest for the
                  | Orb.
     0 | D:1      | Reached XP level 1. HP: 16/16 MP: 1/1
   300 | D:1      | Reached skill level 3 in Unarmed Combat
   558 | D:1      | Gained mutation: You regenerate a little health from kills.
                  | [demonic ancestry]
   558 | D:1      | Reached XP level 2. HP: 21/22 MP: 2/2
  2289 | D:2      | Gained mutation: You regenerate health from kills. [demonic
                  | ancestry]
  2289 | D:2      | Reached XP level 3. HP: 28/28 MP: 3/3
  2345 | D:2      | Noticed Natasha
  2359 | D:2      | Killed Natasha
  2416 | D:2      | Noticed Terence
  2539 | D:2      | Reached skill level 4 in Unarmed Combat
  2539 | D:2      | Gained mutation: You may rarely emit foul miasma when
                  | damaged in melee. [demonic ancestry]
  2539 | D:2      | Reached XP level 4. HP: 29/35 MP: 4/4
  2794 | D:2      | Noticed Natasha
  2997 | D:2      | Found Nurphaoju's Book Shoppe.
  3011 | D:2      | Reached XP level 5. HP: 20/41 MP: 5/5
  3231 | D:2      | Killed Terence
  3573 | D:2      | Killed Natasha
  3609 | D:2      | Noticed Natasha
  3619 | D:2      | Killed Natasha
  3708 | D:3      | Reached skill level 5 in Unarmed Combat
  3969 | D:3      | Gained mutation: You have a pair of small horns on your
                  | head. [demonic ancestry]
  3969 | D:3      | Reached XP level 6. HP: 48/48 MP: 6/6
  4244 | D:3      | Found a faded altar of an unknown god.
  4631 | D:4      | Noticed Ijyb
  4645 | D:4      | Splashed by Ijyb's acid

Illustrated notes

Levels and vault maps discovered:
D:1:      tarquinn_simple_flora_water_e, layout_basic, minmay_liquid_box
D:2:      minmay_general_purpose_star, layout_loops_cross, serial_shops,
          shop_statue, uniq_terence, uniq_natasha
D:3:      layout_rooms, basic_ecumenical_altar, serial_aquarium,
          aquarium_bridge_straight [aquarium_subvault_bridge,
          aquarium_subvault_wall, aquarium_subvault_bridge,
          aquarium_subvault_window], aquarium_bridge_square
          [aquarium_subvault_window, aquarium_subvault_bridge,
          aquarium_subvault_window, aquarium_subvault_bridge],
          aquarium_window_fake, aquarium_window_corridor_3, aquarium_window_2,
          aquarium_view_2d, aquarium_balcony_3b, aquarium_pool_2
D:4:      layout_loops_ring, minitemple, st_stairs_14, minmay_snake_closets,
          uniq_ijyb

Skill      XL: |  1  2  3  4  5 |
---------------+----------------+-----
Unarmed Combat | 3 4 5 |  5.5
Fighting       | 3 4 |  4.2
Throwing       | |  1.7
Dodging        | |  2.6

Action                   |  1- 3 |  4- 6 || total
-------------------------+-------+-------++-------
Melee: Unarmed           |   172 |   218 ||   390
       Punch             |     2 |     4 ||     6
       Headbutt          |       |    10 ||    10
  Use: Potion            |       |     2 ||     2
 Stab: Sleeping          |     1 |     1 ||     2
Armor: Leather armour    |    43 |    46 ||    89
Dodge: Dodged            |   126 |   132 ||   258

Table legend: (Time is in decaauts)
 A = Elapsed time spent in this place.
 B = Non-inter-level travel time spent in this place.
 C = Inter-level travel time spent in this place.
 D = Time resting spent in this place.
 E = Time spent auto-exploring this place.
 F = Levels seen in this place.
 G = Mean time per level.
                   A        B        C        D        E       F      G
               +--------+--------+--------+--------+--------+-----+--------+
         Total |   4627 |   4574 |     53 |   1436 |   2005 |   4 | 1156.8 |
       Dungeon |   4627 |   4574 |     53 |   1436 |   2005 |   4 | 1156.8 |
               +--------+--------+--------+--------+--------+-----+--------+

Top non-repeatable levels by time:
     D:2: 1979 daAuts
     D:1: 1712 daAuts
     D:3: 698 daAuts
     D:4: 236 daAuts
